Login

Springfield Thunderbirds vs Syracuse Crunch

Created - 11 April 2024 at 23:24

Goals
1 2 3 OT1 T
Springfield Thunderbirds 1 1 1 0 3
Syracuse Crunch 0 1 2 1 4
Shots
1 2 3 OT1 T
Springfield Thunderbirds 12 12 7 1 32
Syracuse Crunch 7 8 8 2 25

GoalsPenalties
1st period
1. Springfield Thunderbirds , Nathan Walker 9 (Martin Frk 7) at 10:11
Alex Barre-Boulet (SYR) for Cross-checking (Minor) at 1:26
2nd period
2. Springfield Thunderbirds , Mikhail Abramov 2 (Hugh McGing 4, Calle Rosen 11) at 5:26
3. Syracuse Crunch , Alex Barre-Boulet 8 (Cole Koepke 9, Felix Robert 3) at 13:55
Declan Carlile (SYR) for High sticking (Minor) at 7:07
3rd period
4. Syracuse Crunch , Gabriel Fortier 6 (Logan Brown 9, Brenden Miller 7) at 7:24 (PP)
5. Springfield Thunderbirds , Mikhail Abramov 3 (Josh Jacobs 3) at 11:34
6. Syracuse Crunch , Gabriel Fortier 7 (Lucas Edmonds 5) at 15:17 (SH)
Keean Washkurak (SPR) for Tripping (Minor) at 7:16
Keean Washkurak (SPR) for Holding (Minor) at 9:24
Gage Goncalves (SYR) for High sticking (Double Minor) at 13:50
Overtime #1
7. Syracuse Crunch , Lucas Edmonds 3 (Jack Finley 5, Jack Thompson 5) at 3:05
No Penalty
Goalie Stats
Malcolm Subban (SPR), 21 saves from 25 shots - (0.840), OTL, 5-5-1, 63:05 minutes
Luke Peressini (SYR), 29 saves from 32 shots - (0.906), W, 3-6-0, 63:05 minutes
3 StarsOfficial
1 - Gabriel Fortier (SYR)
2 - Mikhail Abramov (SPR)
3 - Lucas Edmonds (SYR)
Referees : Dan O'Halloran and Beaudry Halkidis
Linesman : Brad Kovachik and Brandon Gawryletz
Game Note
7:24 of 3rd period - Syracuse Crunch goal is going for a video replay. After video review, Goal.
Finance
Level 1 -- Attendance: 1923 (96.15%) -- Ticket Income $67,305
Level 2 -- Attendance: 873 (87.30%) -- Ticket Income $13,095
Total Attendance: 2796 (93.20%)
Total Ticket Income: $80,400
Other Income: $39,396
Total Income: $119,796



Team Name Goals Shots Shots Attemp Shots Blocked PIM HIT PP PK FO%
Springfield Thunderbirds 3327084240 / 4 (0%)148%
Syracuse Crunch 42548198201 / 2 (50%)052%

Springfield Thunderbirds
Player Name POS G A P +/- PIM HIT SHT SB MP PP MP PP SHT PK MP PK SHT FO% FOT GA TA
Calle RosenD0110024028:004:3201:1800% 001
Dylan SikuraRW0002002012:120:0000:0000% 000
Hugh McGingLW0111032013:000:2200:000100% 110
Hunter SkinnerD0000010113:180:0000:0000% 001
Jake NeighboursLW000-1004022:094:0801:100100% 100
Josh JacobsD0111040020:213:2500:4900% 011
Keean WashkurakC000040008:310:0000:00050% 400
Mackenzie MacEachernLW0000001010:080:0800:2600% 000
Martin FrkRW011-1013018:143:3300:27050% 200
Mathias LaferriereRW000001109:360:1900:0000% 000
Matthew KesselD0001020120:533:2500:4900% 012
Matthew PecaC0000011017:253:3300:31036% 1100
Mikhail AbramovC2022002011:120:0000:00050% 600
Nathan WalkerLW1010027118:303:3300:310100% 200
Tyler TuckerD000-1013027:154:3201:1800% 002
William BittenC000-1032122:034:1001:09044% 1600
Wyatt KalynukD0000020113:180:0000:0000% 000
Zack KassianRW000-1010321:014:0500:0000% 100
Syracuse Crunch
Player Name POS G A P +/- PIM HIT SHT SB MP PP MP PP SHT PK MP PK SHT FO% FOT GA TA
Alex Barre-BouletC1010233021:001:0200:40054% 1321
Bennett MacArthurLW000000000:000:0000:0000% 000
Brandon HickeyD000-2010317:341:1200:3500% 000
Brenden MillerD011-1011021:220:5513:2500% 000
Cole KoepkeLW0110033119:300:0000:36050% 200
Declan CarlileD0002210122:530:0003:0900% 000
Felix RobertC011-1001013:390:0000:0000% 010
Gabriel FortierLW2020046322:531:0523:0810% 100
Gage GoncalvesC000-1424217:110:0000:000100% 321
Ilya UsauC000-100004:230:0001:5800% 000
Jack FinleyC0110011319:081:0503:42060% 501
Jack ThompsonD0110000124:020:5504:0600% 000
Jake MassieD000-1000218:051:1203:5100% 000
Logan BrownC011-1002123:341:0504:01045% 1100
Lucas EdmondsRW1122011121:231:0201:4900% 020
Mitchell ChaffeeRW000000000:510:0000:0000% 000
Sean DayD0001031019:080:0000:4800% 000
Simon RyforsC0000002114:391:0200:00044% 900

Springfield Thunderbirds

5 vs 5 Forward
Line #Left WingCenterRight WingPHYDFOFWanted %Time %Time Play
1Jake NeighboursWilliam BittenZack Kassian1224032%15:58
2Nathan WalkerMatthew PecaMartin Frk1223029%14:19
3Hugh McGingMikhail AbramovDylan Sikura1222022%11:11
4Mackenzie MacEachernKeean WashkurakMathias Laferriere1221017%8:28
5 vs 5 Defense
Line #DefenseDefensePHYDFOFWanted %Time %Time Play
1Calle RosenTyler Tucker1224037%18:43
2Matthew KesselJosh Jacobs1223032%16:07
3Wyatt KalynukHunter Skinner1222027%13:18
4Calle RosenTyler Tucker122104%1:48
Power Play Forward
Line #Left WingCenterRight WingPHYDFOFWanted %Time %Time Play
1Jake NeighboursWilliam BittenZack Kassian1226054%4:16
2Nathan WalkerMatthew PecaMartin Frk1224046%3:41
Power Play Defense
Line #DefenseDefensePHYDFOFWanted %Time %Time Play
1Calle RosenTyler Tucker1226057%4:32
2Matthew KesselJosh Jacobs1224043%3:25
Penalty Kill 4 Players Forward
Line #CenterWingPHYDFOFWanted %Time %Time Play
1William BittenJake Neighbours1226076%1:36
2Matthew PecaNathan Walker1224024%0:31
Penalty Kill 4 Players Defense
Line #DefenseDefensePHYDFOFWanted %Time %Time Play
1Calle RosenTyler Tucker1226061%1:18
2Matthew KesselJosh Jacobs1224039%0:49
Penalty Kill 3 Players
Line #WingPHYDFOFWanted %Time %Time PlayDefenseDefensePHYDFOFWanted %Time %Time Play
1William Bitten122600%0:00 Calle RosenTyler Tucker122600%0:00
2Matthew Peca122400%0:00 Matthew KesselJosh Jacobs122400%0:00
4 vs 4 Forward
Line #CenterWingPHYDFOFWanted %Time %Time Play
1William BittenJake Neighbours122600%0:00
2Matthew PecaNathan Walker122400%0:00
4 vs 4 Defense
Line #DefensePHYDFOFWanted %Time %Time Play
1Calle RosenTyler Tucker122600%0:00
2Matthew KesselJosh Jacobs122400%0:00
Last Minutes Offensive
Left WingCenterRight WingDefenseDefense
Jake NeighboursWilliam BittenZack KassianCalle RosenTyler Tucker
Last Minutes Defensive
Left WingCenterRight WingDefenseDefense
Jake NeighboursWilliam BittenZack KassianCalle RosenTyler Tucker
Time
Total ForwardTotal DefenseLast Minutes OffensiveLast Minutes Defensive
60:00 60:00 0:000:00
Extra Forwards
Normal PowerPlayPenalty Kill
Martin Frk, Hugh McGing, Dylan SikuraMartin Frk, Hugh McGingMartin Frk
Extra Defensemen
Normal PowerPlayPenalty Kill
Josh Jacobs, Wyatt Kalynuk, Hunter SkinnerJosh Jacobs, Josh JacobsWyatt Kalynuk
Penalty Shots
Jake Neighbours, Nathan Walker, Zack Kassian, William Bitten, Martin Frk
Goalie
Malcolm Subban, Vadim Zherenko
Custom OT Lines Forwards
Jake Neighbours, Nathan Walker, Zack Kassian, William Bitten, Martin Frk, Hugh McGing, Dylan Sikura, Mackenzie MacEachern, Matthew Peca, Mathias Laferriere
Custom OT Lines Defensemen
Calle Rosen, Tyler Tucker, Matthew Kessel, Josh Jacobs, Wyatt Kalynuk
Scratches
Nikita Alexandrov (Healthy), Jeremie Biakabutuka (Healthy), Anton Malmstrom (Healthy)

Syracuse Crunch

5 vs 5 Forward
Line #Left WingCenterRight WingPHYDFOFWanted %Time %Time Play
1Cole KoepkeAlex Barre-BouletLucas Edmonds1224037%18:14
2Gabriel FortierLogan BrownJack Finley1223030%15:01
3Felix RobertSimon RyforsGage Goncalves1222026%12:59
4Gabriel FortierGage GoncalvesLogan Brown122107%3:42
5 vs 5 Defense
Line #DefenseDefensePHYDFOFWanted %Time %Time Play
1Declan CarlileSean Day1224038%19:03
2Jack ThompsonBrenden Miller1223034%17:02
3Jake MassieBrandon Hickey1222024%11:53
4Jack ThompsonDeclan Carlile122104%1:58
Power Play Forward
Line #Left WingCenterRight WingPHYDFOFWanted %Time %Time Play
1Simon RyforsAlex Barre-BouletLucas Edmonds1226049%1:02
2Gabriel FortierLogan BrownJack Finley1224051%1:05
Power Play Defense
Line #DefenseDefensePHYDFOFWanted %Time %Time Play
1Jake MassieBrandon Hickey1226057%1:12
2Jack ThompsonBrenden Miller1224043%0:55
Penalty Kill 4 Players Forward
Line #CenterWingPHYDFOFWanted %Time %Time Play
1Jack FinleyLogan Brown1226077%6:08
2Lucas EdmondsGabriel Fortier1224023%1:49
Penalty Kill 4 Players Defense
Line #DefenseDefensePHYDFOFWanted %Time %Time Play
1Jake MassieDeclan Carlile1226057%4:32
2Jack ThompsonBrenden Miller1224043%3:25
Penalty Kill 3 Players
Line #WingPHYDFOFWanted %Time %Time PlayDefenseDefensePHYDFOFWanted %Time %Time Play
1Gabriel Fortier122600%0:00 Brandon HickeyJake Massie122600%0:00
2Logan Brown122400%0:00 Jack ThompsonBrenden Miller122400%0:00
4 vs 4 Forward
Line #CenterWingPHYDFOFWanted %Time %Time Play
1Lucas EdmondsLogan Brown122600%0:00
2Jack FinleyGabriel Fortier122400%0:00
4 vs 4 Defense
Line #DefensePHYDFOFWanted %Time %Time Play
1Brandon HickeyJake Massie122600%0:00
2Jack ThompsonBrenden Miller122400%0:00
Last Minutes Offensive
Left WingCenterRight WingDefenseDefense
Logan BrownAlex Barre-BouletLucas EdmondsDeclan CarlileSean Day
Last Minutes Defensive
Left WingCenterRight WingDefenseDefense
Logan BrownAlex Barre-BouletLucas EdmondsDeclan CarlileSean Day
Time
Total ForwardTotal DefenseLast Minutes OffensiveLast Minutes Defensive
60:00 60:00 0:000:00
Extra Forwards
Normal PowerPlayPenalty Kill
Jack Finley, Felix Robert, Ilya UsauJack Finley, Felix RobertIlya Usau
Extra Defensemen
Normal PowerPlayPenalty Kill
Jake Massie, Brandon Hickey, Jack ThompsonJake Massie, Brandon HickeyJack Thompson
Penalty Shots
Jack Finley, Logan Brown, Lucas Edmonds, Gabriel Fortier, Simon Ryfors
Goalie
Luke Peressini, Hugo Alnefelt
Custom OT Lines Forwards
Alex Barre-Boulet, Logan Brown, Cole Koepke, Gabriel Fortier, Simon Ryfors, Gage Goncalves, Jack Finley, Lucas Edmonds, Felix Robert, Ilya Usau
Custom OT Lines Defensemen
Brandon Hickey, Declan Carlile, Jack Thompson, Brenden Miller, Jake Massie
Scratches
Jaydon Dureau (Bruised Right Arm Injury), Garrett Metcalf (Healthy)


Play-by-Play

1st period


0:01 of 1st period - Cole Koepke wins face-off versus William Bitten in neutral zone.
0:26 of 1st period - Tyler Tucker is hit by Sean Day and loses puck.
1:17 of 1st period - Hunter Skinner is hit by Jack Finley and loses puck.
1:23 of 1st period - Off-side.
1:24 of 1st period - Alex Barre-Boulet wins face-off versus Mikhail Abramov in neutral zone.
1:26 of 1st period - Minor Penalty to Alex Barre-Boulet for Cross-checking.
1:27 of 1st period - Jack Finley wins face-off versus William Bitten in Syracuse Crunch zone.
2:01 of 1st period - Wrist shot by Martin Frk.
2:01 of 1st period - Shot Misses the Net.
3:03 of 1st period - Calle Rosen is hit by Gabriel Fortier.
3:19 of 1st period - Nathan Walker is hit by Cole Koepke.
3:26 of 1st period - Penalty to Alex Barre-Boulet is over, Alex Barre-Boulet is back on ice.
3:33 of 1st period - Wrist shot by Gage Goncalves.
3:33 of 1st period - Stopped by Malcolm Subban with a rebound.
3:35 of 1st period - Slapshot by Sean Day.
3:35 of 1st period - Deflect By Simon Ryfors.
3:35 of 1st period - Shot Misses the Net.
3:35 of 1st period - Puck is out of play.
3:36 of 1st period - Simon Ryfors wins face-off versus Mikhail Abramov in Springfield Thunderbirds zone.
3:43 of 1st period - Simon Ryfors is hit by Hunter Skinner and loses puck.
5:05 of 1st period - Slapshot by Simon Ryfors.
5:05 of 1st period - Shot Blocked by Hunter Skinner.
5:07 of 1st period - Slapshot by Sean Day.
5:07 of 1st period - Stopped by Malcolm Subban without a rebound.
5:08 of 1st period - Matthew Peca wins face-off versus Alex Barre-Boulet in Springfield Thunderbirds zone.
5:08 of 1st period - Matthew Peca is hit by Cole Koepke.
5:18 of 1st period - Snap shot by Cole Koepke.
5:18 of 1st period - Shot Misses the Net.
5:52 of 1st period - Off-side.
5:53 of 1st period - Mikhail Abramov wins face-off versus Alex Barre-Boulet in neutral zone.
6:31 of 1st period - Tyler Tucker is hit by Gabriel Fortier and loses puck.
7:19 of 1st period - Gabriel Fortier is hit by Matthew Kessel and loses puck.
7:50 of 1st period - Snap shot by Jake Neighbours.
7:50 of 1st period - Stopped by Luke Peressini with a rebound.
7:52 of 1st period - Snap shot by William Bitten.
7:52 of 1st period - Shot Misses the Net.
7:54 of 1st period - Wrist shot by William Bitten.
7:54 of 1st period - Shot Misses the Net.
7:58 of 1st period - Snap shot by Jake Neighbours.
7:58 of 1st period - Stopped by Luke Peressini without a rebound.
7:59 of 1st period - Simon Ryfors wins face-off versus Matthew Peca in Syracuse Crunch zone.
8:33 of 1st period - Off-side.
8:34 of 1st period - Keean Washkurak wins face-off versus Gabriel Fortier in neutral zone.
8:41 of 1st period - Snap shot by Mathias Laferriere.
8:41 of 1st period - Shot Blocked by Gabriel Fortier.
8:57 of 1st period - Cole Koepke is hit by Josh Jacobs and loses puck.
9:37 of 1st period - Wrist shot by Cole Koepke.
9:37 of 1st period - Stopped by Malcolm Subban without a rebound.
9:38 of 1st period - Alex Barre-Boulet wins face-off versus Mikhail Abramov in Springfield Thunderbirds zone.
9:45 of 1st period - Snap shot by Alex Barre-Boulet.
9:45 of 1st period - Shot Misses the Net.
10:09 of 1st period - Icing by Logan Brown.
10:10 of 1st period - Martin Frk wins face-off versus Logan Brown in Syracuse Crunch zone.
10:11 of 1st period - Slapshot by Nathan Walker.
10:11 of 1st period - Goal by Nathan Walker - Springfield Thunderbirds : 1 - Syracuse Crunch : 0.
10:12 of 1st period - William Bitten wins face-off versus Alex Barre-Boulet in neutral zone.
10:21 of 1st period - Snap shot by William Bitten.
10:21 of 1st period - Stopped by Luke Peressini with a rebound.
10:23 of 1st period - Slapshot by Calle Rosen.
10:23 of 1st period - Deflect By Jake Neighbours.
10:23 of 1st period - Stopped by Luke Peressini with a rebound.
10:25 of 1st period - Slapshot by Tyler Tucker.
10:25 of 1st period - Shot Blocked by Lucas Edmonds.
10:27 of 1st period - Slapshot by Calle Rosen.
10:27 of 1st period - Shot Misses the Net.
10:37 of 1st period - Calle Rosen is hit by Gabriel Fortier and loses puck.
10:56 of 1st period - Wrist shot by Hugh McGing.
10:56 of 1st period - Shot Blocked by Brandon Hickey.
11:02 of 1st period - Mikhail Abramov is hit by Brandon Hickey and loses puck.
11:13 of 1st period - Wrist shot by Gabriel Fortier.
11:13 of 1st period - Stopped by Malcolm Subban with a rebound.
11:15 of 1st period - Snap shot by Gabriel Fortier.
11:15 of 1st period - Stopped by Malcolm Subban with a rebound.
11:25 of 1st period - Backhand shot by Alex Barre-Boulet.
11:25 of 1st period - Shot Misses the Net.
11:41 of 1st period - Snap shot by Nathan Walker.
11:41 of 1st period - Deflect By Martin Frk.
11:41 of 1st period - Shot Misses the Net.
11:41 of 1st period - Puck is out of play.
11:42 of 1st period - Matthew Peca wins face-off versus Simon Ryfors in Syracuse Crunch zone.
11:43 of 1st period - Slapshot by Martin Frk.
11:43 of 1st period - Shot Blocked by Simon Ryfors.
11:53 of 1st period - Snap shot by Gage Goncalves.
11:53 of 1st period - Stopped by Malcolm Subban with a rebound.
12:05 of 1st period - Snap shot by Jake Neighbours.
12:05 of 1st period - Deflect By Alex Barre-Boulet.
12:05 of 1st period - Stopped by Luke Peressini with a rebound.
12:33 of 1st period - Slapshot by Logan Brown.
12:33 of 1st period - Deflect By Jack Finley.
12:33 of 1st period - Shot Blocked by Wyatt Kalynuk.
12:33 of 1st period - Puck is out of play.
12:34 of 1st period - Gage Goncalves wins face-off versus Matthew Peca in Springfield Thunderbirds zone.
12:45 of 1st period - Snap shot by Nathan Walker.
12:45 of 1st period - Stopped by Luke Peressini with a rebound.
13:10 of 1st period - Wrist shot by Alex Barre-Boulet.
13:10 of 1st period - Shot Blocked by Zack Kassian.
14:43 of 1st period - Cole Koepke is hit by Hugh McGing and loses puck.
15:06 of 1st period - Snap shot by Simon Ryfors.
15:06 of 1st period - Stopped by Malcolm Subban without a rebound.
15:07 of 1st period - Nathan Walker wins face-off versus Simon Ryfors in Springfield Thunderbirds zone.
15:29 of 1st period - Declan Carlile is hit by Matthew Kessel and loses puck.
16:21 of 1st period - Icing by Wyatt Kalynuk.
16:22 of 1st period - Logan Brown wins face-off versus Keean Washkurak in Springfield Thunderbirds zone.
16:25 of 1st period - Wrist shot by Gabriel Fortier.
16:25 of 1st period - Shot Misses the Net.
17:18 of 1st period - Snap shot by Simon Ryfors.
17:18 of 1st period - Shot Blocked by Nathan Walker.
17:20 of 1st period - Slapshot by Jack Thompson.
17:20 of 1st period - Deflect By Gage Goncalves.
17:20 of 1st period - Shot Misses the Net.
17:20 of 1st period - Puck is out of play.
17:21 of 1st period - William Bitten wins face-off versus Logan Brown in Springfield Thunderbirds zone.
18:05 of 1st period - Lucas Edmonds is hit by Nathan Walker and loses puck.
18:22 of 1st period - Snap shot by Alex Barre-Boulet.
18:22 of 1st period - Shot Misses the Net.
18:32 of 1st period - Lucas Edmonds is hit by Martin Frk and loses puck.
18:41 of 1st period - Wrist shot by Martin Frk.
18:41 of 1st period - Stopped by Luke Peressini with a rebound.
18:43 of 1st period - Snap shot by Martin Frk.
18:43 of 1st period - Shot Misses the Net.
18:45 of 1st period - Wrist shot by Martin Frk.
18:45 of 1st period - Shot Misses the Net.
18:47 of 1st period - Slapshot by Calle Rosen.
18:47 of 1st period - Stopped by Luke Peressini without a rebound.
18:48 of 1st period - Jake Neighbours wins face-off versus Logan Brown in Syracuse Crunch zone.
18:49 of 1st period - Wrist shot by William Bitten.
18:49 of 1st period - Shot Blocked by Jack Finley.
18:51 of 1st period - Slapshot by Tyler Tucker.
18:51 of 1st period - Shot Blocked by Jack Finley.
18:53 of 1st period - Slapshot by Calle Rosen.
18:53 of 1st period - Shot Misses the Net.
18:55 of 1st period - Slapshot by Calle Rosen.
18:55 of 1st period - Stopped by Luke Peressini without a rebound.
18:56 of 1st period - Logan Brown wins face-off versus William Bitten in Syracuse Crunch zone.
19:23 of 1st period - Snap shot by Calle Rosen.
19:23 of 1st period - Shot Blocked by Jack Thompson.
19:45 of 1st period - Snap shot by Calle Rosen.
19:45 of 1st period - Shot Blocked by Gabriel Fortier.
19:47 of 1st period - Slapshot by Tyler Tucker.
19:47 of 1st period - Stopped by Luke Peressini with a rebound.
19:49 of 1st period - Backhand shot by Tyler Tucker.
19:49 of 1st period - Stopped by Luke Peressini with a rebound.
Goals for this period are 1 for Springfield Thunderbirds vs 0 for Syracuse Crunch.
Shots for this period are 12 for Springfield Thunderbirds vs 7 for Syracuse Crunch.

2nd period


0:01 of 2nd period - Alex Barre-Boulet wins face-off versus Zack Kassian in neutral zone.
0:16 of 2nd period - Snap shot by Alex Barre-Boulet.
0:16 of 2nd period - Stopped by Malcolm Subban with a rebound.
0:26 of 2nd period - Wrist shot by Simon Ryfors.
0:26 of 2nd period - Shot Misses the Net.
0:28 of 2nd period - Wrist shot by Simon Ryfors.
0:28 of 2nd period - Stopped by Malcolm Subban with a rebound.
0:30 of 2nd period - Slapshot by Felix Robert.
0:30 of 2nd period - Stopped by Malcolm Subban with a rebound.
0:57 of 2nd period - Wrist shot by Nathan Walker.
0:57 of 2nd period - Stopped by Luke Peressini with a rebound.
0:59 of 2nd period - Slapshot by Calle Rosen.
0:59 of 2nd period - Shot Misses the Net.
1:15 of 2nd period - Wrist shot by Alex Barre-Boulet.
1:15 of 2nd period - Stopped by Malcolm Subban without a rebound.
1:16 of 2nd period - Mikhail Abramov wins face-off versus Cole Koepke in Springfield Thunderbirds zone.
1:28 of 2nd period - Wrist shot by Dylan Sikura.
1:28 of 2nd period - Stopped by Luke Peressini with a rebound.
1:30 of 2nd period - Wrist shot by Hugh McGing.
1:30 of 2nd period - Shot Blocked by Declan Carlile.
1:47 of 2nd period - Matthew Peca is hit by Gage Goncalves and loses puck.
2:29 of 2nd period - Snap shot by Logan Brown.
2:29 of 2nd period - Stopped by Malcolm Subban with a rebound.
3:07 of 2nd period - Wrist shot by Nathan Walker.
3:07 of 2nd period - Deflect By Martin Frk.
3:07 of 2nd period - Stopped by Luke Peressini with a rebound.
3:19 of 2nd period - Wrist shot by Nathan Walker.
3:19 of 2nd period - Stopped by Luke Peressini with a rebound.
3:51 of 2nd period - Gage Goncalves is hit by William Bitten and loses puck.
4:14 of 2nd period - Backhand shot by Calle Rosen.
4:14 of 2nd period - Deflect By Gabriel Fortier.
4:14 of 2nd period - Stopped by Luke Peressini with a rebound.
5:26 of 2nd period - Snap shot by Hugh McGing.
5:26 of 2nd period - Deflect By Mikhail Abramov.
5:26 of 2nd period - Goal by Mikhail Abramov - Springfield Thunderbirds : 2 - Syracuse Crunch : 0.
5:27 of 2nd period - Alex Barre-Boulet wins face-off versus William Bitten in neutral zone.
5:41 of 2nd period - Slapshot by Cole Koepke.
5:41 of 2nd period - Shot Blocked by Matthew Kessel.
5:43 of 2nd period - Snap shot by Alex Barre-Boulet.
5:43 of 2nd period - Shot Misses the Net.
5:53 of 2nd period - Declan Carlile is hit by Nathan Walker.
5:57 of 2nd period - Wrist shot by Martin Frk.
5:57 of 2nd period - Stopped by Luke Peressini without a rebound.
5:58 of 2nd period - Matthew Peca wins face-off versus Logan Brown in Syracuse Crunch zone.
6:05 of 2nd period - Wrist shot by Nathan Walker.
6:05 of 2nd period - Stopped by Luke Peressini with a rebound.
6:07 of 2nd period - Wrist shot by Nathan Walker.
6:07 of 2nd period - Stopped by Luke Peressini with a rebound.
6:09 of 2nd period - Snap shot by Nathan Walker.
6:09 of 2nd period - Shot Blocked by Brandon Hickey.
6:11 of 2nd period - Snap shot by Nathan Walker.
6:11 of 2nd period - Shot Blocked by Jack Finley.
6:23 of 2nd period - Jack Finley is hit by Wyatt Kalynuk.
6:27 of 2nd period - Jack Finley is hit by Wyatt Kalynuk and loses puck.
7:07 of 2nd period - Minor Penalty to Declan Carlile for High sticking.
7:08 of 2nd period - William Bitten wins face-off versus Jack Finley in Syracuse Crunch zone.
7:40 of 2nd period - Wrist shot by Martin Frk.
7:40 of 2nd period - Shot Misses the Net.
8:40 of 2nd period - Tyler Tucker is hit by Sean Day and loses puck.
9:07 of 2nd period - Penalty to Declan Carlile is over, Declan Carlile is back on ice.
9:39 of 2nd period - Declan Carlile is hit by Hugh McGing and loses puck.
9:44 of 2nd period - Snap shot by Dylan Sikura.
9:44 of 2nd period - Shot Blocked by Gabriel Fortier.
9:46 of 2nd period - Slapshot by Tyler Tucker.
9:46 of 2nd period - Shot Misses the Net.
10:16 of 2nd period - Keean Washkurak is hit by Alex Barre-Boulet and loses puck.
11:56 of 2nd period - Alex Barre-Boulet is hit by Mathias Laferriere and loses puck.
12:32 of 2nd period - Jack Thompson is hit by Josh Jacobs and loses puck.
13:09 of 2nd period - Declan Carlile is hit by Zack Kassian.
13:25 of 2nd period - Snap shot by Mackenzie MacEachern.
13:25 of 2nd period - Deflect By Mathias Laferriere.
13:25 of 2nd period - Shot Misses the Net.
13:25 of 2nd period - Puck is out of play.
13:26 of 2nd period - Keean Washkurak wins face-off versus Simon Ryfors in Syracuse Crunch zone.
13:27 of 2nd period - Slapshot by Mackenzie MacEachern.
13:27 of 2nd period - Stopped by Luke Peressini with a rebound.
13:55 of 2nd period - Wrist shot by Alex Barre-Boulet.
13:55 of 2nd period - Goal by Alex Barre-Boulet - Springfield Thunderbirds : 2 - Syracuse Crunch : 1.
13:56 of 2nd period - Alex Barre-Boulet wins face-off versus William Bitten in neutral zone.
14:29 of 2nd period - Slapshot by Nathan Walker.
14:29 of 2nd period - Shot Misses the Net.
14:31 of 2nd period - Wrist shot by Matthew Peca.
14:31 of 2nd period - Shot Misses the Net.
15:35 of 2nd period - Icing by Felix Robert.
15:36 of 2nd period - Simon Ryfors wins face-off versus Matthew Peca in Syracuse Crunch zone.
16:10 of 2nd period - Slapshot by Logan Brown.
16:10 of 2nd period - Stopped by Malcolm Subban with a rebound.
16:12 of 2nd period - Slapshot by Sean Day.
16:12 of 2nd period - Shot Blocked by Zack Kassian.
16:14 of 2nd period - Backhand shot by Jack Finley.
16:14 of 2nd period - Stopped by Malcolm Subban with a rebound.
16:16 of 2nd period - Backhand shot by Declan Carlile.
16:16 of 2nd period - Shot Misses the Net.
16:28 of 2nd period - Snap shot by William Bitten.
16:28 of 2nd period - Shot Blocked by Gage Goncalves.
17:01 of 2nd period - Snap shot by Martin Frk.
17:01 of 2nd period - Deflect By Matthew Peca.
17:01 of 2nd period - Stopped by Luke Peressini with a rebound.
17:23 of 2nd period - William Bitten is hit by Brenden Miller and loses puck.
18:14 of 2nd period - Slapshot by Mathias Laferriere.
18:14 of 2nd period - Stopped by Luke Peressini with a rebound.
18:16 of 2nd period - Snap shot by Mackenzie MacEachern.
18:16 of 2nd period - Shot Blocked by Brandon Hickey.
19:53 of 2nd period - Icing by Gabriel Fortier.
19:54 of 2nd period - Logan Brown wins face-off versus William Bitten in Syracuse Crunch zone.
19:59 of 2nd period - Logan Brown is hit by William Bitten and loses puck.
Goals for this period are 1 for Springfield Thunderbirds vs 1 for Syracuse Crunch.
Shots for this period are 12 for Springfield Thunderbirds vs 8 for Syracuse Crunch.

3rd period


0:01 of 3rd period - William Bitten wins face-off versus Alex Barre-Boulet in neutral zone.
0:04 of 3rd period - Slapshot by Calle Rosen.
0:04 of 3rd period - Shot Blocked by Cole Koepke.
0:16 of 3rd period - Snap shot by Cole Koepke.
0:16 of 3rd period - Shot Misses the Net.
0:23 of 3rd period - Icing by Calle Rosen.
0:24 of 3rd period - Gage Goncalves wins face-off versus Matthew Peca in Springfield Thunderbirds zone.
0:29 of 3rd period - Snap shot by Gabriel Fortier.
0:29 of 3rd period - Deflect By Matthew Peca.
0:29 of 3rd period - Stopped by Malcolm Subban with a rebound.
1:27 of 3rd period - Jake Neighbours is hit by Cole Koepke and loses puck.
1:40 of 3rd period - Snap shot by Cole Koepke.
1:40 of 3rd period - Shot Blocked by William Bitten.
2:54 of 3rd period - Jake Neighbours is hit by Alex Barre-Boulet and loses puck.
3:07 of 3rd period - Wrist shot by Cole Koepke.
3:07 of 3rd period - Stopped by Malcolm Subban with a rebound.
3:17 of 3rd period - Slapshot by William Bitten.
3:17 of 3rd period - Shot Misses the Net.
3:19 of 3rd period - Slapshot by Matthew Kessel.
3:19 of 3rd period - Shot Misses the Net.
3:23 of 3rd period - Slapshot by William Bitten.
3:23 of 3rd period - Stopped by Luke Peressini without a rebound.
3:24 of 3rd period - Logan Brown wins face-off versus Matthew Peca in Syracuse Crunch zone.
3:37 of 3rd period - Snap shot by Logan Brown.
3:37 of 3rd period - Shot Hit the Post.
3:39 of 3rd period - Wrist shot by Gabriel Fortier.
3:39 of 3rd period - Shot Misses the Net.
3:49 of 3rd period - Dylan Sikura is hit by Declan Carlile.
4:06 of 3rd period - Icing by Jake Massie.
4:07 of 3rd period - Simon Ryfors wins face-off versus Keean Washkurak in Syracuse Crunch zone.
4:14 of 3rd period - Wyatt Kalynuk is hit by Gabriel Fortier and loses puck.
5:05 of 3rd period - Icing by Sean Day.
5:06 of 3rd period - Gage Goncalves wins face-off versus Matthew Peca in Syracuse Crunch zone.
5:22 of 3rd period - Slapshot by Calle Rosen.
5:22 of 3rd period - Deflect By Gage Goncalves.
5:22 of 3rd period - Stopped by Luke Peressini without a rebound.
5:23 of 3rd period - Mikhail Abramov wins face-off versus Simon Ryfors in Syracuse Crunch zone.
5:24 of 3rd period - Slapshot by Calle Rosen.
5:24 of 3rd period - Shot Misses the Net.
5:26 of 3rd period - Slapshot by Tyler Tucker.
5:26 of 3rd period - Shot Blocked by Jake Massie.
5:34 of 3rd period - Wrist shot by Dylan Sikura.
5:34 of 3rd period - Shot Blocked by Gage Goncalves.
5:36 of 3rd period - Slapshot by Dylan Sikura.
5:36 of 3rd period - Shot Misses the Net.
5:38 of 3rd period - Slapshot by Tyler Tucker.
5:38 of 3rd period - Stopped by Luke Peressini with a rebound.
6:11 of 3rd period - Martin Frk is hit by Sean Day and loses puck.
7:16 of 3rd period - Minor Penalty to Keean Washkurak for Tripping.
7:17 of 3rd period - Logan Brown wins face-off versus William Bitten in Springfield Thunderbirds zone.
7:18 of 3rd period - Wrist shot by Gabriel Fortier.
7:18 of 3rd period - Stopped by Malcolm Subban with a rebound.
7:20 of 3rd period - Snap shot by Brenden Miller.
7:20 of 3rd period - Stopped by Malcolm Subban with a rebound.
7:24 of 3rd period - Wrist shot by Gabriel Fortier.
7:24 of 3rd period - Syracuse Crunch goal is going for a video replay.
7:24 of 3rd period - The goal is good.
7:24 of 3rd period - Goal by Gabriel Fortier - Springfield Thunderbirds : 2 - Syracuse Crunch : 2.
7:25 of 3rd period - Alex Barre-Boulet wins face-off versus William Bitten in neutral zone.
8:40 of 3rd period - Snap shot by Gage Goncalves.
8:40 of 3rd period - Shot Blocked by Zack Kassian.
8:42 of 3rd period - Wrist shot by Simon Ryfors.
8:42 of 3rd period - Deflect By Gage Goncalves.
8:42 of 3rd period - Stopped by Malcolm Subban with a rebound.
8:44 of 3rd period - Slapshot by Gage Goncalves.
8:44 of 3rd period - Stopped by Malcolm Subban with a rebound.
9:00 of 3rd period - Gage Goncalves is hit by Hugh McGing and loses puck.
9:05 of 3rd period - Backhand shot by Dylan Sikura.
9:05 of 3rd period - Stopped by Luke Peressini with a rebound.
9:07 of 3rd period - Slapshot by Matthew Kessel.
9:07 of 3rd period - Deflect By Hugh McGing.
9:07 of 3rd period - Stopped by Luke Peressini with a rebound.
9:24 of 3rd period - Minor Penalty to Keean Washkurak for Holding.
9:25 of 3rd period - William Bitten wins face-off versus Alex Barre-Boulet in Springfield Thunderbirds zone.
10:13 of 3rd period - Josh Jacobs is hit by Alex Barre-Boulet and loses puck.
11:24 of 3rd period - Penalty to Keean Washkurak is over, Keean Washkurak is back on ice.
11:34 of 3rd period - Wrist shot by Mikhail Abramov.
11:34 of 3rd period - Goal by Mikhail Abramov - Springfield Thunderbirds : 3 - Syracuse Crunch : 2.
11:35 of 3rd period - Alex Barre-Boulet wins face-off versus Matthew Peca in neutral zone.
11:42 of 3rd period - Snap shot by Alex Barre-Boulet.
11:42 of 3rd period - Shot Misses the Net.
11:52 of 3rd period - Alex Barre-Boulet is hit by Matthew Peca and loses puck.
12:34 of 3rd period - Declan Carlile is hit by Josh Jacobs.
12:43 of 3rd period - Icing by Josh Jacobs.
12:44 of 3rd period - William Bitten wins face-off versus Simon Ryfors in Springfield Thunderbirds zone.
12:44 of 3rd period - William Bitten is hit by Gage Goncalves.
13:24 of 3rd period - Snap shot by Hugh McGing.
13:24 of 3rd period - Stopped by Luke Peressini with a rebound.
13:50 of 3rd period - Double Minor Penalty to Gage Goncalves for High sticking.
13:51 of 3rd period - William Bitten wins face-off versus Jack Finley in Syracuse Crunch zone.
14:08 of 3rd period - Jake Massie is hit by Tyler Tucker and loses puck.
15:12 of 3rd period - Jake Neighbours is hit by Lucas Edmonds and loses puck.
15:17 of 3rd period - Backhand shot by Gabriel Fortier.
15:17 of 3rd period - Goal by Gabriel Fortier - Springfield Thunderbirds : 3 - Syracuse Crunch : 3.
15:18 of 3rd period - Jack Finley wins face-off versus William Bitten in neutral zone.
15:18 of 3rd period - Logan Brown is hit by William Bitten and loses puck.
15:31 of 3rd period - Snap shot by Jake Neighbours.
15:31 of 3rd period - Shot Blocked by Logan Brown.
15:33 of 3rd period - Snap shot by Calle Rosen.
15:33 of 3rd period - Shot Blocked by Jake Massie.
15:43 of 3rd period - Jake Massie is hit by Calle Rosen and loses puck.
16:02 of 3rd period - Backhand shot by Gabriel Fortier.
16:02 of 3rd period - Shot Misses the Net.
17:37 of 3rd period - Logan Brown is hit by Josh Jacobs and loses puck.
17:50 of 3rd period - Penalty to Gage Goncalves is over, Gage Goncalves is back on ice.
18:41 of 3rd period - Icing by Hugh McGing.
18:42 of 3rd period - Hugh McGing wins face-off versus Logan Brown in Springfield Thunderbirds zone.
18:46 of 3rd period - Off-side.
18:47 of 3rd period - Matthew Peca wins face-off versus Logan Brown in neutral zone.
Goals for this period are 1 for Springfield Thunderbirds vs 2 for Syracuse Crunch.
Shots for this period are 7 for Springfield Thunderbirds vs 8 for Syracuse Crunch.

Overtime #1


0:01 of 1st overtime period - Nathan Walker wins face-off versus Alex Barre-Boulet in neutral zone.
0:10 of 1st overtime period - Wrist shot by Nathan Walker.
0:10 of 1st overtime period - Stopped by Luke Peressini with a rebound.
0:12 of 1st overtime period - Wrist shot by Jake Neighbours.
0:12 of 1st overtime period - Shot Misses the Net.
0:36 of 1st overtime period - Wrist shot by Cole Koepke.
0:36 of 1st overtime period - Stopped by Malcolm Subban with a rebound.
2:21 of 1st overtime period - Logan Brown is hit by Calle Rosen and loses puck.
2:51 of 1st overtime period - Icing by Jack Thompson.
2:52 of 1st overtime period - Jack Finley wins face-off versus Martin Frk in Syracuse Crunch zone.
3:05 of 1st overtime period - Backhand shot by Lucas Edmonds.
3:05 of 1st overtime period - Goal by Lucas Edmonds - Springfield Thunderbirds : 3 - Syracuse Crunch : 4.
Goals for this period are 0 for Springfield Thunderbirds vs 1 for Syracuse Crunch.
Shots for this period are 1 for Springfield Thunderbirds vs 2 for Syracuse Crunch.